 Dungeon Crawl Stone Soup version 0.29-a0-25-g7f48f510a0 (webtiles) character file.

Game seed: 2129477645497750072

133 blank1 the Skirmisher (level 4, -2/41 HPs)
             Began as a Minotaur Fighter on Feb 1, 2022.
             Succumbed to a water moccasin's poison
             ... on level 3 of the Dungeon.
             The game lasted 00:02:50 (1479 turns).

blank1 the Skirmisher (Minotaur Fighter)            Turns: 1479, Time: 00:02:50

Health: -2/41      AC: 12    Str: 23    XL:     4   Next: 93%
Magic:  3/3        EV:  6    Int:  5    God:
Gold:   126        SH:  4    Dex:  9    Spells: 3/3 levels left

rFire   . . .      SeeInvis .   a - +0 flail
rCold   . . .      Faith    .   c - +0 buckler
rNeg    . . .      Spirit   .   e - +0 plate armour
rPois   .          Reflect  .   (helmet restricted)
rElec   .          Harm     .   (no cloak)
rCorr   .          Rampage  .   (no gloves)
Will    .....                   j - +0 pair of boots
Stlth   ..........              (no amulet)
HPRegen 0.13/turn               (no ring)
MPRegen 0.08/turn               (no ring)

@: lethally poisoned (-2 -> -18), very slow
A: horns 2, retaliatory headbutt
a: no special abilities


You were on level 3 of the Dungeon.
You visited 1 branch of the dungeon, and saw 3 of its levels.

You collected 126 gold pieces.

Inventory:

Hand Weapons
 a - a +0 flail (weapon)
Armour
 c - a +0 buckler (worn)
 e - a +0 plate armour (worn)
 j - a +0 pair of boots (worn)
Jewellery
 k - a +6 ring of strength
Scrolls
 f - 2 scrolls of teleportation {unknown}
 g - a scroll of blinking {unknown}
Potions
 b - a potion of haste {unknown}
 d - a potion of might
 h - a potion of invisibility {unknown}
 i - a potion of heal wounds {unknown}


   Skills:
 + Level 4.9 Fighting
 + Level 4.0 Maces & Flails
 - Level 4.0 Armour
 - Level 2.0 Dodging
 - Level 4.0 Shields


You had 3 spell levels left.
You didn't know any spells.
Your spell library contained the following spells:

 Spells                   Type           Power      Damage    Failure   Level
 Blink                    Tloc           0%         N/A       100%        2
 Lesser Beckoning         Tloc           0%         N/A       100%        3
 Manifold Assault         Tloc           0%         N/A       100%        5


Dungeon Overview and Level Annotations

Branches:
Dungeon (3/15)

Altars:
Hepliaklqana


Innate Abilities, Weirdness & Mutations

You have a pair of horns on your head.
You reflexively headbutt those who attack you in melee.


Message History

You barely miss the worm.
The worm is heavily wounded.
The worm bites you.
Your unstable footing causes you to fumble your attack.
A water moccasin comes into view.
The worm bites you but does no damage.
Your unstable footing causes you to fumble your attack.
The water moccasin hisses angrily.
The water moccasin bites you.
You are poisoned.
The water moccasin poisons you! You block the worm's attack.
You barely miss the worm.
The worm is heavily wounded.
You feel very sick. The water moccasin barely misses you.
The water moccasin bites you but does no damage.
Your unstable footing causes you to fumble your attack.
You feel very sick.
The water moccasin bites you but does no damage.
The worm bites you but does no damage.
You thump the worm!
The worm is almost dead.
You feel sick. The water moccasin bites you.
You block the water moccasin's attack. The worm bites you but does no damage.
Your unstable footing causes you to fumble your attack.
You feel sick. You block the water moccasin's attack.
The water moccasin bites you.
* * * LOW HITPOINT WARNING * * *
Your unstable footing causes you to fumble your attack.
You feel sick. The water moccasin bites you.
* * * LOW HITPOINT WARNING * * *
You are lethally poisoned!
The water moccasin poisons you!
The worm splashes around in the water.
You block the water moccasin's attack.
Your unstable footing causes you to fumble your attack.
* * * LOW HITPOINT WARNING * * *
You feel very sick. You block the water moccasin's attack.
The worm completely misses you.
Your unstable footing causes you to fumble your attack.
You die...

#<###.(.≈≈#
#..†...≈≈≈#
#.##....#≈#######≈##
#.###..≈≈≈#≈≈≈≈≈≈≈≈#
#.###..≈#≈#≈########
#.....≈≈≈≈#≈≈≈≈≈#
#.##...≈#≈#≈#≈#≈≈≈≈#
#.###..≈#≈#≈#S######
#. #...#≈†≈#≈@w≈≈≈#
#...############
###.


You could see a water moccasin and a worm.

Vanquished Creatures
  3 gnolls (D:2)
  4 river rats (D:3)
  2 adders (D:3)
  3 dart slugs
  3 worms (D:3)
  2 endoplasms (D:1)
  3 goblins (D:1)
  4 hobgoblins (D:1)
  A jackal (D:1)
  4 kobolds
  6 ball pythons
  3 bats
  2 frilled lizards (D:1)
  2 rats
42 creatures vanquished.

Vanquished Creatures (others)
  2 demonic plants (D:3)
  A fungus (D:3)
  A plant (D:3)
  A withered plant (D:3)
5 creatures vanquished.

Grand Total: 47 creatures vanquished

Notes
Turn   | Place    | Note
-------+----------+-------------------------------------------
     0 | D:1      | blank1 the Minotaur Fighter began the quest for the Orb.
     0 | D:1      | Reached XP level 1. HP: 19/19 MP: 0/0
   370 | D:1      | Reached XP level 2. HP: 27/27 MP: 1/1
   503 | D:1      | Reached skill level 1 in Dodging
   877 | D:2      | Found a hazy altar of Hepliaklqana.
   907 | D:2      | Reached XP level 3. HP: 30/33 MP: 2/2
  1400 | D:3      | Reached XP level 4. HP: 41/41 MP: 3/3
  1471 | D:3      | Noticed a water moccasin
  1479 | D:3      | Succumbed to a water moccasin's poison

Illustrated notes

Levels and vault maps discovered:
D:1:      giann_horns, layout_loops_cross, wad_floor_pattern_2,
          corexii_item_surrounded_by_moat, grunt_decor_resistance,
          roderic_serpentine_path, minmay_tall_x
D:2:      layout_rooms, basic_altar, minmay_bisected
D:3:      layout_basic, lightli_sewer_entry_pipes, shapermc_ecumenical_altar_gd,
          minmay_box_of_dots

Skill      XL: |  1  2  3  4 |
---------------+-------------+-----
Dodging        | 1 2 |  2.0
Armour         | 4 |  4.0
Fighting       | 4 |  4.9
Maces & Flails | 3 4 |  4.0
Shields        | 4 |  4.0

Action                   |  1- 3 |  4- 6 || total
-------------------------+-------+-------++-------
Melee: Flail             |    68 |    48 ||   116
       Headbutt          |    10 |     6 ||    16
Armor: Scale mail        |     4 |       ||     4
       Plate armour      |    45 |    16 ||    61
Dodge: Dodged            |    24 |    12 ||    36
Block: Buckler           |    12 |    16 ||    28

Table legend: (Time is in decaauts)
 A = Elapsed time spent in this place.
 B = Non-inter-level travel time spent in this place.
 C = Inter-level travel time spent in this place.
 D = Time resting spent in this place.
 E = Time spent auto-exploring this place.
 F = Levels seen in this place.
 G = Mean time per level.
                   A        B        C        D        E       F      G
               +--------+--------+--------+--------+--------+-----+--------+
         Total |   1525 |   1484 |     41 |      0 |   1140 |   3 |  508.3 |
       Dungeon |   1525 |   1484 |     41 |      0 |   1140 |   3 |  508.3 |
               +--------+--------+--------+--------+--------+-----+--------+

Top non-repeatable levels by time:
     D:1: 849 daAuts
     D:2: 556 daAuts
     D:3: 119 daAuts
